 Dungeon Crawl Stone Soup version 0.30-a0-292-g0f741e3f8e (webtiles) character file.

Game seed: 15913814140292425849

20 ytrimaz the Insei (level 2, -1/27 HPs)
             Began as an Octopode Transmuter on Oct 17, 2022.
             Slain by a quokka (2 damage)
             ... on level 1 of the Dungeon.
             The game lasted 00:00:53 (501 turns).

ytrimaz the Insei (Octopode Transmuter)              Turns: 501, Time: 00:00:54

Health: -1/27      AC: 21    Str:  9    XL:     2   Next: 79%
Magic:  5/5        EV:  2    Int: 15    God:
Gold:   17         SH:  0    Dex: 12    Spells: 2/5 levels left

rFire   . . .      SeeInvis .      - Unarmed
rCold   . . .      Faith    .    (no shield)
rNeg    . . .      Spirit   .    (helmet currently unavailable)
rPois   +          Reflect  .    (no amulet)
rElec   .          Harm     .    (no ring)
rCorr   .          Rampage  .    (no ring)
Will    .....      NoTele   +    (no ring)
Stlth   +.........               (no ring)
HPRegen 0.24/turn                (no ring)
MPRegen 0.09/turn                (no ring)
                                 (no ring)
                                 (no ring)

@: tree-form
A: stationary, stasis, torment immunity, boosted hp, almost no armour,
(amphibious), 8 rings, (camouflage 1), (gelatinous body 1), (nimble swimmer 1),
(tentacles)
a: no special abilities


You were on level 1 of the Dungeon.
You were a tree.
You visited 1 branch of the dungeon, and saw 1 of its levels.

You collected 17 gold pieces.


Innate Abilities, Weirdness & Mutations

You are a tree.
Your roots penetrate the ground, keeping you stationary.
You cannot be teleported.
You are immune to unholy pain and torment.
Your maximum health is greatly increased.
You cannot wear most types of armour.
((You are amphibious.))
You can wear up to eight rings at the same time.
((Your skin changes colour to match your surroundings (Stealth+).))
((Your rubbery body absorbs attacks. (AC +1, EV +1)))
((You are camouflaged when in or above water. (Stealth+)))
((You have tentacles for arms and can constrict up to eight enemies at once.))


   Skills:
 - Level 1.0 Fighting
 - Level 2.0 Dodging
 - Level 3.0 Unarmed Combat
 - Level 2.0 Spellcasting
 - Level 2.0 Transmutations
 - Level 0.3 Ice Magic
 + Level 2.7 Poison Magic


You had 2 spell levels left.
You knew the following spells:

 Your Spells              Type           Power      Damage    Failure   Level
a - Beastly Appendage     Tmut           14%        N/A       10%         1
b - Wereblood             Tmut           7%         N/A       14%         2

Your spell library contained the following spells:

 Spells                   Type           Power      Damage    Failure   Level
 Spider Form              Tmut/Pois      8%         N/A       26%         3
 Ice Form                 Ice/Tmut       4%         N/A       80%         4

You aren't carrying anything.

Dungeon Overview and Level Annotations

Branches:
Dungeon (1/15) Zot: 5501

Altars:

# ###
##########.#####. ...
#......Jā™£r....##.###
#.
#.##................b
... #.#####.###.......
#.. #.#
.###......###.. #.# .
.........#.. #.# ##
#.....#.#.. #.#
#....)..... #.#
#.......#.# #.####
#..........


You could see an endoplasm and a quokka.


Message History

You constrict the rat.
You kill the rat!
Unknown command.
No target in view!
Your transformation is almost over. šŸ˜• HP[+2] MP[+1]
You regained 2 hp, and now have 17/18 hp.
Your mp is fully restored (5).
Memorise Wereblood, consuming 2 spell levels and leaving 2?
You start memorising the spell.
You continue memorising. x2
You finish memorising.
Spell assigned to 'b'. šŸ˜Ž HP[+1]
Your hp is fully restored (18).
Unknown command.
Your tentacle spike disappears.
Unknown command.
An endoplasm is nearby!
Unknown command.
An endoplasm is nearby!
One of your tentacles grows a vicious spike.
The endoplasm quivers. šŸ˜Ž MP[-1]
You lost 1 mp, and now have 4/5 mp.
You tentacle-slap the endoplasm. The endoplasm freezes you.
You are frozen. šŸ˜• HP[-4]
You take 4 damage, and now have 14/18 hp.
MASSIVE DAMAGE!! (PAUSE)
You tentacle-slap the endoplasm. You tentacle-slap the endoplasm.
The endoplasm freezes you.
You are frozen. šŸ˜® HP[-3]
You take 3 damage, and now have 11/18 hp.
You are too injured to fight recklessly!
You tentacle-slap the endoplasm but do no damage.
You pierce the endoplasm.
You kill the endoplasm!
Your transformation is almost over.
Okay, then.
Your tentacle spike disappears.
Key pressed, stopping explore.
Unknown command. šŸ˜Ž HP[+7] MP[+1]
Your hp is fully restored (18).
Your mp is fully restored (5).
Key pressed, stopping explore.
A quokka and a rat come into view.
Unknown command.
There are monsters nearby!
There are monsters nearby!
There are monsters nearby!
An endoplasm comes into view.
One of your tentacles grows a vicious spike. šŸ˜Ž MP[-1]
You lost 1 mp, and now have 4/5 mp.
You tentacle-slap the rat.
You kill the rat!
The endoplasm quivers.
Unknown command.
Unknown command.
Your transformation is almost over.
The endoplasm closely misses you.
You tentacle-slap the endoplasm.
You pierce the endoplasm.
The endoplasm freezes you.
You are frozen. šŸ˜® HP[-5]
You take 5 damage, and now have 13/18 hp.
MASSIVE DAMAGE!! (PAUSE)
The endoplasm attacks as you move away! The endoplasm hits you. šŸ˜® HP[-3]
You take 3 damage, and now have 10/18 hp.
You are too injured to fight recklessly!
The endoplasm attacks as you move away!
The endoplasm barely misses you. šŸ˜® HP[+1] Unknown command.
You closely miss the quokka. You grab the quokka. You squeeze the quokka.
You constrict the quokka. The quokka bites you.
* * * LOW HITPOINT WARNING * * *
The endoplasm closely misses you. The quokka bites you.
* * * LOW HITPOINT WARNING * * *
šŸ˜± HP[-7]
You take 7 damage, and now have 4/18 hp.
MASSIVE DAMAGE!! (PAUSE) Really quaff the potion of lignification?
Your tentacle spike disappears.
You turn into a tree.
Your roots penetrate the ground.
You lose your grip on the quokka.
The endoplasm hits you but does no damage.
The quokka bites you.
* * * LOW HITPOINT WARNING * * *
šŸ˜± MP[+1]
You now have 27 max hp (+9).
Your mp is fully restored (5).
Unknown command.
You hit the endoplasm but do no damage. The endoplasm freezes you.
You are frozen.
* * * LOW HITPOINT WARNING * * *
The quokka bites you.
You die...

Skill      XL: |  1  2 |
---------------+-------+-----
Poison Magic   | 1 2 |  2.7
Fighting       | |  1.0
Dodging        | |  2.0
Unarmed Combat | |  3.0
Spellcasting   | |  2.0
Transmutations | |  2.0
Ice Magic      | |  0.3

Action                   || total
-------------------------++-------
Melee: Unarmed           ||    47
       Tentacles         ||    13
       Constrict         ||    10
       Kick              ||     6
       Punch             ||     1
 Cast: Beastly Appendage ||     8
  Use: Potion            ||     1
 Stab: Sleeping          ||     3
Armor: Skin              ||     3
Dodge: Dodged            ||    35

Levels and vault maps discovered:
D:1:      nicolae_arrival_somewhat_less_tricky_arrival, layout_loops_ring

Notes
Turn   | Place    | Note
-------+----------+-------------------------------------------
     0 | D:1      | ytrimaz the Octopode Transmuter began the quest for the
                  | Orb.
     0 | D:1      | Reached XP level 1. HP: 13/13 MP: 3/3
     0 | D:1      | magus.rc [v1.9.6]
   211 | D:1      | Reached skill level 1 in Poison Magic
   244 | D:1      | Reached XP level 2. HP: 15/18 MP: 3/5
   288 | D:1      | Reached skill level 2 in Poison Magic
   404 | D:1      | Learned a level 2 spell: Wereblood
   499 | D:1      | HP: 4/18 [quokka (3)]
   501 | D:1      | HP: 1/27 [frozen (3)]
   501 | D:1      | Slain by a quokka

Vanquished Creatures
  3 endoplasms (D:1)
  A goblin (D:1)
  2 jackals (D:1)
  2 kobolds (D:1)
  2 quokkas (D:1)
  A ball python (D:1)
  2 bats (D:1)
  5 frilled lizards (D:1)
  2 rats (D:1)
20 creatures vanquished.

Table legend:
 A = Non-vault XP
 B = Vault XP
 C = Vault XP percentage of total XP
 D = Non-vault monster count
 E = Vault monster count
 F = Vault count percentage of total count
                 A         B        C        D         E       F
            +---------+---------+-------+---------+---------+-------
      Total |      29 |       0 |   0.0 |      20 |       0 |   0.0
            +---------+---------+-------+---------+---------+-------
        D:1 |      29 |       0 |   0.0 |      20 |       0 |   0.0
            +---------+---------+-------+---------+---------+-------

Illustrated notes

Table legend:
 A = Kills in this place as a percentage of kills in entire the game.
 B = Kills by you in this place as a percentage of kills by you in the entire game.
 C = Kills by friends in this place as a percentage of kills by friends in the entire game.
 D = Other kills in this place as a percentage of other kills in the entire game.
 E = Experience gained in this place as a percentage of experience gained in the entire game.
 F = Experience gained in this place divided by the number of levels of this place that you have seen.
                   A       B       C       D       E      F
               +-------+-------+-------+-------+-------+----------------------
         Total | 100.0 | 100.0 |   N/A |   N/A | 100.0 |  29.0
       Dungeon | 100.0 | 100.0 |   N/A |   N/A | 100.0 |  29.0
               +-------+-------+-------+-------+-------+----------------------

Table legend: (Time is in decaauts)
 A = Elapsed time spent in this place.
 B = Non-inter-level travel time spent in this place.
 C = Inter-level travel time spent in this place.
 D = Time resting spent in this place.
 E = Time spent auto-exploring this place.
 F = Levels seen in this place.
 G = Mean time per level.
                   A        B        C        D        E       F      G
               +--------+--------+--------+--------+--------+-----+--------+
         Total |    497 |    497 |      0 |    102 |    252 |   1 |  497.0 |
       Dungeon |    497 |    497 |      0 |    102 |    252 |   1 |  497.0 |
               +--------+--------+--------+--------+--------+-----+--------+

Top non-repeatable levels by time:
     D:1: 497 daAuts
